 Dungeon Crawl Stone Soup version 0.16-a0-3940-gf8a207b (webtiles) character file.

44 abixa the Cudgeler (level 3, 0/39 HPs)
             Began as an Ogre Warper on Feb 7, 2015.
             Succumbed to an adder's poison
             ... on level 2 of the Dungeon.
             The game lasted 00:04:22 (1129 turns).

abixa the Cudgeler (Ogre Warper)                    Turns: 1129, Time: 00:04:23

Health: 0/39       AC:  1    Str: 16    XL:     3   Next: 60%
Magic:  6/6        EV: 10    Int: 17    God:
Gold:   50         SH:  0    Dex: 10    Spells: 1 memorised, 5 levels left

rFire  . . .     SeeInvis .     a - +0 mace
rCold  . . .     Clarity  .     b - +0 robe
rNeg   + . .     SustAb   .     (shield restricted)
rPois  .         Gourm    .     (helmet restricted)
rElec  .         Spirit   .     (no cloak)
rCorr  .         Warding  .     (gloves unavailable)
rMut   .         Stasis   .     (boots unavailable)
MR     .....                    (no amulet)
Stlth  +.........               o - ring of positive energy
                                p - -2 ring of protection (curse)

@: brilliant, lethally poisoned (0 -> -5), very slightly contaminated,
invisible, not resistant to hostile enchantments, very unstealthy
A: unfitting armour, tough skin 1
a: no special abilities


You were on level 2 of the Dungeon.
You were hungry.

You visited 1 branch of the dungeon, and saw 2 of its levels.

You collected 50 gold pieces.

Inventory:

Hand weapons
 a - a +0 mace (weapon)
Missiles
 e - 5 tomahawks of dispersal
 i - 19 sling bullets
 j - 16 stones (quivered)
 l - 16 bolts
Armour
 b - a +0 robe (worn)
Jewellery
 o - a ring of positive energy (right hand)
 p - a cursed -2 ring of protection (left hand)
Scrolls
 d - a scroll of blinking
 g - a scroll of remove curse {unknown}
 k - a scroll of enchant armour {unknown}
 m - 2 scrolls of identify {unknown}
Potions
 h - a potion of invisibility
Books
 c - a book of Spatial Translocations

   Spells                             Type                      Level
   a - Apportation                    Translocation                1
   b - Blink                          Translocation                2
   c - Shroud of Golubria             Charms/Translocation         2
   d - Portal Projectile              Translocation                3
   e - Teleport Other                 Translocation                3
   f - Passage of Golubria            Translocation                4
Comestibles
 f - a meat ration
 n - a beef jerky
 q - a slice of pizza


   Skills:
 + Level 3.6 Fighting
 + Level 4.4 Maces & Flails
 - Level 1.1 Throwing
 - Level 0.7 Armour
 - Level 1.7 Dodging
 - Level 2.4 Spellcasting
 - Level 2.1 Translocations


You had 5 spell levels left.
You knew the following spells:

 Your Spells              Type           Power        Failure   Level  Hunger
a - Apportation           Tloc           ###.......   1%          1    #......


Dungeon Overview and Level Annotations

Branches:
Dungeon (2/15)

Altars:


Innate Abilities, Weirdness & Mutations

You are too large for most types of armour.
You have tough skin (AC +1).


Message History

You feel sick.
* * * LOW HITPOINT WARNING * * *
You feel sick.
Put on which piece of jewellery? (? for menu, Esc to quit)
Oops, that ring feels deathly cold.
p - a cursed -2 ring of protection (left hand)
* * * LOW HITPOINT WARNING * * *
You feel sick.
You see here a small diamond ring.
o - a small diamond ring
* * * LOW HITPOINT WARNING * * *
You feel sick.
Put on which piece of jewellery? (? for menu, Esc to quit)
o - a ring of positive energy (right hand)
There is a lethal amount of poison in your body!
* * * LOW HITPOINT WARNING * * *
You feel sick.
* * * LOW HITPOINT WARNING * * *
You feel sick.
You die...

..# .# #.# #.######. #<#
#.#...... #.# #......##
#.# ##.......##.#####.##
######....†...##...<....#
...............##.#####..#
####.......#..# #..#
#.@#.......######..#
#..#..#............#
#(...........##.##.#
#(##.##.>...###.##.#
#(##.###...###...#.#
..........##...#>..#
##.##.###.###.#...### #(
#............## ..
#####.###.####


There were no monsters in sight!

Vanquished Creatures
  An adder (D:2)
  A giant mite (D:1)
  An ooze (D:1)
  5 bats (D:1)
  A giant cockroach (D:1)
  A hobgoblin (D:1)
  7 jackals (D:1)
  A giant newt (D:1)
  4 goblins (D:1)
  A kobold (D:1)
  3 rats
26 creatures vanquished.

Notes
Turn   | Place    | Note
--------------------------------------------------------------
     0 | D:1      | abixa, the Ogre Warper, began the quest for the Orb.
     0 | D:1      | Reached XP level 1. HP: 22/22 MP: 3/3
   108 | D:1      | Reached skill level 3 in Maces & Flails
   112 | D:1      | Reached XP level 2. HP: 27/29 MP: 5/5
   354 | D:1      | Reached skill level 4 in Maces & Flails
   598 | D:1      | Reached XP level 3. HP: 34/37 MP: 6/6
  1128 | D:2      | HP: 1/39 [poisoned by an adder]
  1129 | D:2      | Succumbed to an adder's poison

Action                   || total
-------------------------++-------
Melee: Mace              ||    81
Throw: Stone             ||     4
  Use: Potion            ||     2
